 Dungeon Crawl Stone Soup version 0.30-a0-782-ge64f9170bb (webtiles) character file.

Game seed: 13722480098481798813

0 Jane the Grasshopper (level 1, 0/9 HPs)
             Began as a Felid Warper on Feb 23, 2023.
             Slain by a ball python (1 damage)
             ... on level 2 of the Dungeon.
             The game lasted 00:01:05 (114 turns).

Jane the Grasshopper (Felid Warper)                  Turns: 114, Time: 00:01:05

Health: 0/9        AC:  1    Str:  7    XL:     1   Next: 0%
Magic:  4/4        EV: 17    Int: 14    God:
Gold:   27         SH:  0    Dex: 15    Spells: 4/4 levels left
                                        Lives:  0   Deaths: 0

rFire   . . .      SeeInvis +      - Unarmed
rCold   . . .      Faith    .    (shield unavailable)
rNeg    . . .      Spirit   .    (body armour unavailable)
rPois   .          Reflect  .    (helmet unavailable)
rElec   .          Harm     .    (cloak unavailable)
rCorr   .          Rampage  .    (gloves unavailable)
Will    .....                    (boots unavailable)
Stlth   +                        (no amulet)
HPRegen 0.21/turn                (no ring)
MPRegen 0.09/turn                (no ring)

@: quick
A: very small, claws 1, fangs 3, see invisible, speed 1, shaggy fur 1, stealthy
paws, no weapons or thrown items, no armour, multi-lived
a: no special abilities


You were on level 2 of the Dungeon.
You visited 1 branch of the dungeon, and saw 2 of its levels.

You collected 27 gold pieces.

Inventory:

Scrolls
 a - a scroll of blinking
 b - a scroll of vulnerability {unknown}
Potions
 c - a potion of berserk rage {unknown}


   Skills:
 + Level 2.0 Fighting
 + Level 3.2 Dodging
 + Level 2.0 Unarmed Combat
 + Level 2.0 Spellcasting
 + Level 4.4 Translocations


You had 4 spell levels left.
You didn't know any spells.
Your spell library contained the following spells:

 Spells                   Type           Power      Damage    Failure   Level
 Blink                    Tloc           26%        N/A       6%          2
 Lesser Beckoning         Tloc           26%        N/A       6%          2
 Teleport Other           Tloc           13%        N/A       12%         3
 Vhi's Electric Charge    Tloc/Air       14%        N/A       28%         3
 Manifold Assault         Tloc           13%        N/A       36%         4


Dungeon Overview and Level Annotations

Branches:
Dungeon (2/15)

Altars:

Shops:
D:1 *


Innate Abilities, Weirdness & Mutations

You have sharp claws.
You have razor-sharp teeth.
You have supernaturally acute eyesight. (SInv)
You cover ground quickly. (Speed+)
You are covered in fur. (AC +1)
Your paws help you pounce on unaware monsters.
You are incapable of wielding weapons or throwing items.
You cannot wear armour.
You gain extra lives every three experience levels.


Message History

Moving in this stuff is going to be slow.
A bat comes into view.
A ball python comes into view.
The ball python hisses angrily.
You hear a shout!
A hobgoblin comes into view.
The bat attacks as you move away! The bat completely misses you.
You enter the shallow water.
Moving in this stuff is going to be slow.
The bat closely misses you. The bat closely misses you.
Your unstable footing causes you to fumble your attack.
The bat misses you. The bat misses you. The bat attacks as you move away!
The bat misses you. The bat closely misses you. The ball python misses you.
The ball python grabs you. The ball python constricts you.
You escape the ball python's grasp.
The bat closely misses you.
You scratch the bat but do no damage. The bat misses you.
The bat hits you but does no damage. The ball python completely misses you.
The ball python grabs you. The ball python constricts you.
You closely miss the bat. The bat closely misses you.
The bat hits you but does no damage. The ball python bites you.
The ball python constricts you.
You closely miss the bat. The bat hits you but does no damage.
The ball python misses you. The ball python constricts you.
You escape the ball python's grasp.
The bat barely misses you. The ball python bites you.
* * * LOW HITPOINT WARNING * * *
The ball python closely misses you.
You barely miss the bat. The bat closely misses you. The bat barely misses you.
The ball python completely misses you. The ball python misses you.
You miss the bat. The bat closely misses you. The bat barely misses you.
The ball python closely misses you. The ball python completely misses you.
You scratch the bat.
The bat is moderately wounded.
The bat hits you.
* * * LOW HITPOINT WARNING * * *
The ball python bites you.
You die...

≈≈≈≈≈≈~≈~#
.~≈≈≈~≈≈≈~.~#
~~~≈~♣.≈≈~≈.#
~~≈~~_~~≈≈~~#
~≈≈~.♣~≈≈≈~.####
.≈≈~~~≈≈≈~~~(..#
~≈≈~≈~~≈≈~.g...+
~~≈~~~~~~≈...S.#
g..~.....~~.##@#
~.~...~....~.#b#
#.#.##?.####.#.#
# #.... .#.#
#.#.. .#.#
....... .#.#
........ .#..
....#.##. .####


You could see a hobgoblin, a bat and a ball python.

Vanquished Creatures (others)
  A plant (D:1)
1 creature vanquished.

Notes
Turn   | Place    | Note
-------+----------+-------------------------------------------
     0 | D:1      | Jane the Felid Warper began the quest for the Orb.
     0 | D:1      | Reached XP level 1. HP: 9/9 MP: 4/4
    44 | D:1      | Found Ceppocet's General Store.
    91 | D:2      | Found a faded altar of an unknown god.
   114 | D:2      | Slain by a ball python

Illustrated notes

Levels and vault maps discovered:
D:1:      lemuel_arrival_muddy, layout_rooms, serial_forest,
          infiniplex_forest_straight_2, infiniplex_forest_lined_room_3,
          infiniplex_forest_pool, infiniplex_forest_clump_medium, serial_shops,
          nicolae_shop_trees
D:2:      layout_basic, chequers_ecumenical_altar_island, minmay_misc_feat_tiny

Action                     || total
---------------------------++-------
  Melee: Unarmed           ||     8
         Bite              ||     1
 Armour: Skin              ||     3
  Dodge: Dodged            ||    23

Table legend: (Time is in decaauts)
 A = Elapsed time spent in this place.
 B = Non-inter-level travel time spent in this place.
 C = Inter-level travel time spent in this place.
 D = Time resting spent in this place.
 E = Time spent auto-exploring this place.
 F = Levels seen in this place.
 G = Mean time per level.
                   A        B        C        D        E       F      G
               +--------+--------+--------+--------+--------+-----+--------+
         Total |     97 |     93 |      4 |      0 |      0 |   2 |   48.5 |
       Dungeon |     97 |     93 |      4 |      0 |      0 |   2 |   48.5 |
               +--------+--------+--------+--------+--------+-----+--------+

Top non-repeatable levels by time:
     D:1: 68 daAuts
     D:2: 28 daAuts
